 Dungeon Crawl Stone Soup version 0.19.5 (webtiles) character file.

81 Chifra the Bolt Thrower (level 4, 27/37 HPs)
             Began as a Centaur Hunter on Apr 24, 2017.
             Got out of the dungeon alive.
             The game lasted 00:06:35 (1527 turns).

Chifra the Bolt Thrower (Centaur Hunter)            Turns: 1527, Time: 00:06:35

Health: 27/37      AC:  5    Str: 15    XL:     4   Next: 20%
Magic:  4/4        EV:  9    Int: 10    God:
Gold:   79         SH:  0    Dex: 10    Spells: 0 memorised, 3 levels left

rFire  . . .     SeeInvis .     b - +0 short sword
rCold  . . .     Gourm    .     k - +0 ring mail (curse)
rNeg   . . .     Faith    .     (no shield)
rPois  .         Spirit   .     (no helmet)
rElec  .         Reflect  .     (no cloak)
rCorr  .         Harm     .     (no gloves)
MR     .....                    (no barding)
Stlth  ..........               (no amulet)
                                (no ring)
                                (no ring)

@: very quick
A: hooves 3, deformed body, speed 2, tough skin 3
a: no special abilities


You escaped.
You were not hungry.

You visited 1 branch of the dungeon, and saw 2 of its levels.

You collected 79 gold pieces.

Inventory:

Hand Weapons
 a - a +1 hand crossbow
 b - a +0 short sword (weapon)
 h - a cursed -2 dagger
Missiles
 d - 16 bolts
Armour
 c - a +0 leather armour
 k - a cursed +0 ring mail (worn)
Wands
 n - a wand of polymorph (12/24)
Scrolls
 e - a scroll of fear {unknown}
 g - a scroll of random uselessness {unknown}
 i - a scroll of enchant armour
 l - a scroll of identify {unknown}
 o - a scroll of remove curse {unknown}
Potions
 m - a potion of lignification {unknown}
Comestibles
 f - 2 bread rations
 j - a meat ration


   Skills:
 + Level 2.4 Fighting
 + Level 5.2 Crossbows
 + Level 1.9 Dodging
 + Level 1.2 Stealth


You had 3 spell levels left.
You didn't know any spells.

Dungeon Overview and Level Annotations

Branches:
Dungeon (2/15)

Altars:


Innate Abilities, Weirdness & Mutations

You have hooves in place of feet.
Armour fits poorly on your strangely shaped body.
You cover ground very quickly.
You have extremely tough skin. (AC +3)


Message History

The jackal bites you but does no damage.
You closely miss the jackal. You kick the jackal.
You kill the jackal!
The bat completely misses you. The bat hits you but does no damage.
You see here a jackal corpse.
You hit the bat.
You kill the bat!
Things that are here:
a club; a hobgoblin corpse A jackal comes into view.
You see here a jackal corpse.
You butcher the jackal corpse.
The jackal barks!
You see here 2 chunks of flesh.
There is an open door here.
There is an escape hatch in the floor here.
There is a staircase leading out of the dungeon here.
Are you sure you want to leave the Dungeon?
This will make you lose the game!
You have escaped!

..............# #.........# #...
...##.........###.........## #...
...##......................# #..#
....#......................# #...
###.....########'########..# #...
#####...####.........####..# #...
........##...⌠....†⌠...##..# #..#
........#..⌠...#'#...⌠).#..# #..#
....##..'.....##@##.....'..# #...
....##..'....)##h##.....'..###..#
^...##..#..⌠...#'#...⌠..#...##..#
....##..##...⌠.)...⌠...##...##..#
....##..####...%.....####.......#
....##..########'########......>#
.....#......................#...#
.....#........[.............#...#
####.#....###.....####..........#


You could see a jackal.

Vanquished Creatures
  An adder (D:2)
  A worm (D:2)
  4 dart slugs
  A giant cockroach (D:1)
  6 goblins
  10 hobgoblins
  5 jackals (D:1)
  A ball python (D:1)
  10 bats
  5 frilled lizards
  8 kobolds
  5 rats
57 creatures vanquished.

Notes
Turn   | Place    | Note
-------+----------+-------------------------------------------
     0 | D:1      | Chifra the Centaur Hunter began the quest for the Orb.
     0 | D:1      | Reached XP level 1. HP: 17/17 MP: 1/1
    87 | D:1      | Reached skill level 5 in Crossbows
    87 | D:1      | Reached XP level 2. HP: 21/24 MP: 2/2
   581 | D:1      | Reached XP level 3. HP: 26/29 MP: 3/3
   898 | D:2      | Reached skill level 1 in Stealth
  1036 | D:2      | Reached XP level 4. HP: 16/37 MP: 4/4
  1527 | D:$      | Got out of the dungeon alive.

Skill      XL: |  1  2  3 |
---------------+----------+-----
Crossbows      | 5 |  5.2
Stealth        | 1 |  1.2
Fighting       | |  2.4
Dodging        | |  1.9

Action                   |  1- 3 |  4- 6 || total
-------------------------+-------+-------++-------
Melee: Short sword       |   112 |    27 ||   139
       Kick              |    13 |     2 ||    15
 Fire: Hand crossbow     |    41 |     6 ||    47
  Use: Potion            |     1 |       ||     1
       Scroll            |       |     1 ||     1
  Eat: Chunk             |       |     1 ||     1
Armor: Leather armour    |    99 |       ||    99
       Ring mail         |       |    44 ||    44
Dodge: Dodged            |    96 |    38 ||   134
